 Dungeon Crawl Stone Soup version 0.27.0-1-g7a089689b8 (webtiles) character file.

Game seed: 17227638641455222732

1478348 artmatt the Imperceptible (level 27, 228/228 HPs)
             Began as a Demonspawn Earth Elementalist on July 31, 2021.
             Was the Champion of Wu Jian.
             Escaped with the Orb
             ... and 3 runes on Aug 6, 2021!
             The game lasted 11:10:53 (106093 turns).

artmatt the Imperceptible (DsEE)                  Turns: 106093, Time: 11:10:53

Health: 228/228    AC: 25    Str:  7    XL:     27
Magic:  42/42      EV: 24    Int: 16    God:    Wu Jian [******]
Gold:   5596       SH: 16    Dex: 36    Spells: 2/56 levels left

rFire    + + .     SeeInvis +   w - +3 Elemental Staff {rElec rF++ rC++ Will++ AC+5}
rCold    + + .     Faith    .   i - +3 buckler {AC+3}
rNeg     + . .     Spirit   +   S - +4 troll leather armour {Snorg}
rPois    +         Reflect  +   (helmet unavailable)
rElec    +         Harm     .   L - scarf {shadows}
rCorr    .         Rampage  .   o - +2 pair of gloves {archery}
Will     +++++                  g - +2 pair of boots {Stlth+}
Stlth    ++++......             z - amulet of reflection
HPRegen  1.48/turn              M - ring "Acleorha" {Fly rN+ Will+ Dex+4}
MPRegen  0.56/turn              J - ring "Padutz" {rPois Str-2 Int-4 Dex+9 SInv}

@: flying, studying 2 skills
A: horns 3, rugged brown scales 3, foul stench 3, magic shield, magic
regeneration, magic link, corrupting presence 2, word of chaos, fangs 1, hooves
1
0: Orb of Zot
}: 3/15 runes: barnacled, silver, gossamer
a: Word of Chaos, Renounce Religion, Wall Jump, Serpent's Lash, Heavenly Storm


You escaped.
You worshipped Wu Jian.
Wu Jian was exalted by your worship.
You visited 12 branches of the dungeon, and saw 52 of its levels.
You visited the Abyss 1 time.
You also visited: Trove.

You collected 11024 gold pieces.
You spent 5428 gold pieces at shops.

Inventory:

Hand Weapons
 a - a +9 dagger of draining
 v - the +9 short sword "Ultimatum" {protect, rElec}
   (You found it on level 2 of the Shoals)

   It grants its wielder temporary protection when it strikes (+7 to AC).
   rElec:     It insulates you from electricity.
 w - the +3 Elemental Staff (weapon) {rElec rF++ rC++ Will++ AC+5}
   (You found it on level 3 of the Elven Halls)

   If the wielder is skilled in Evocations, they can discharge powerful blasts
   of elemental energy when striking with it.
   It enhances your fire, ice, earth and air magic.
   AC:        It affects your AC (+5).
   rF:        It greatly protects you from fire.
   rC:        It greatly protects you from cold.
   rElec:     It insulates you from electricity.
   Will:      It greatly increases your willpower.
Missiles
 y - a datura-tipped dart (quivered)
 F - a throwing net
 H - a curare-tipped dart
 T - 30 atropa-tipped darts
 U - 13 boomerangs of dispersal
Armour
 g - a +2 pair of boots of stealth (worn)
 i - a +3 buckler of protection (worn)
 n - quicksilver dragon scales
 o - a +2 pair of gloves of archery (worn)
 L - a scarf of shadows (worn)
 S - a +4 troll leather armour (worn) {Snorg}
Jewellery
 d - a ring of resist corrosion
 z - an amulet of reflection (around neck)
 B - a ring of the Octopus King {Wiz AC+1 EV+1 Str+1 Int+1 Dex+1}
   (You took it off a deep elf pyromancer on level 3 of the Elven Halls)

   [ring of wizardry]

   It improves your spell success rate.
   AC:        It affects your AC (+1).
   EV:        It affects your evasion (+1).
   Str:       It affects your strength (+1).
   Int:       It affects your intelligence (+1).
   Dex:       It affects your dexterity (+1).
 I - the ring of Piutarig {Ice Int+7 Dex+2}
   (You took it off a deep elf master archer on level 3 of the Elven Halls)

   [ring of ice]

   It enhances your ice magic.
   Int:       It affects your intelligence (+7).
   Dex:       It affects your dexterity (+2).
   rF:        It makes you vulnerable to fire.
   rC:        It protects you from cold.
 J - the ring "Padutz" (right hand) {rPois Str-2 Int-4 Dex+9 SInv}
   (You bought it in a shop on level 11 of the Dungeon)

   [ring of see invisible]

   Str:       It affects your strength (-2).
   Int:       It affects your intelligence (-4).
   Dex:       It affects your dexterity (+9).
   rPois:     It protects you from poison.
   SInv:      It lets you see invisible.
 M - the ring "Acleorha" (left hand) {Fly rN+ Will+ Dex+4}
   (You found it on level 6 of the Lair of Beasts)

   [ring of willpower]

   Dex:       It affects your dexterity (+4).
   rN:        It protects you from negative energy.
   Fly:       It grants you flight.
   Will:      It increases your willpower.
 Z - a ring of fire
Wands
 q - a wand of digging (35)
 A - a wand of acid (13)
 G - a wand of flame (173)
 O - a wand of mindburst (8)
 P - a wand of iceblast (67)
Scrolls
 e - 9 scrolls of blinking
 m - a scroll of enchant armour
 p - 5 scrolls of holy word
 r - 7 scrolls of immolation
 t - 7 scrolls of teleportation
 C - 8 scrolls of amnesia
 K - 5 scrolls of fear
 N - 3 scrolls of magic mapping
 Y - 3 scrolls of silence
Potions
 b - 5 potions of magic
 h - 2 potions of mutation
 k - 6 potions of might
 l - 5 potions of resistance
 u - 7 potions of ambrosia
 D - 16 potions of curing
 R - 9 potions of heal wounds
 X - 5 potions of invisibility
Miscellaneous
 c - a tin of tremorstones (2/2)
 f - a condenser vane
 j - a phantom mirror (inert)
 x - the horn of Geryon
 E - a lightning rod (4/4)
 V - a phial of floods
 W - a box of beasts


   Skills:
 + Level 17.1 Fighting
 + Level 16.8 Short Blades
 - Level 3.6 Crossbows
 - Level 6.0 Throwing
 - Level 10.1 Dodging
 + Level 22.4 Stealth
 - Level 4.0 Shields
 + Level 15.1 Spellcasting
 + Level 10.8 Conjurations
 - Level 16.1 Hexes
 - Level 8.0 Summonings
 - Level 8.0 Necromancy
 - Level 5.0 Translocations
 - Level 13.3 Transmutations
 - Level 5.0 Fire Magic
 - Level 13.3 Earth Magic
 + Level 16.4 Evocations


You had 2 spell levels left.
You knew the following spells:

 Your Spells              Type           Power      Damage    Failure   Level
a - Dispel Undead         Necr           37%        3d15      3%          4
b - Invisibility          Hex            29%        N/A       1%          6
c - Lightning Bolt        Conj/Air       22%        1d37      24%         5
d - Passwall              Tmut/Erth      58%        N/A       1%          2
e - Apportation           Tloc           56%        N/A       1%          1
f - Petrify               Tmut/Erth      70%        N/A       1%          4
g - Borgnjor's Vile Clut  Necr/Erth      31%        N/A       2%          5
h - Summon Guardian Gole  Hex/Summ       50%        N/A       1%          3
i - Lee's Rapid Deconstr  Erth           35%        3d19*     1%          5
j - Summon Mana Viper     Hex/Summ       50%        N/A       1%          5
k - Alistair's Intoxicat  Tmut/Pois      22%        N/A       14%         5
l - Fulminant Prism       Conj/Hex       26%        3d14      1%          4
m - Blink                 Tloc           N/A        N/A       1%          2
n - Portal Projectile     Hex/Tloc       90%        N/A       1%          3

Your spell library contained the following spells:

 Spells                   Type           Power      Damage    Failure   Level
 Magic Dart               Conj           100%       1d8       1%          1
 Pain                     Necr           100%       1d9       1%          1
 Sandblast                Erth           100%       2d20      1%          1
 Sting                    Tmut/Pois      100%       1d8       1%          1
 Summon Small Mammal      Summ           100%       N/A       1%          1
 Call Imp                 Summ           37%        N/A       1%          2
 Searing Ray              Conj           92%        3d6       1%          2
 Static Discharge         Conj/Air       44%        N/A       1%          2
 Sublimation of Blood     Necr           18%        N/A       1%          2
 Corpse Rot               Necr/Air       N/A        N/A       2%          2
 Freeze                   Ice            72%        1d9       9%          1
 Poisonous Vapours        Pois/Air       36%        N/A       12%         2
 Call Canine Familiar     Summ           37%        N/A       1%          3
 Dazzling Flash           Conj/Hex       100%       N/A       1%          3
 Ignite Poison            Fire/Tmut/Pois 47%        N/A       1%          3
 Inner Flame              Hex/Fire       62%        N/A       1%          3
 Stone Arrow              Conj/Erth      100%       3d13      1%          3
 Vampiric Draining        Necr           18%        2d8       1%          3
 Cause Fear               Hex            29%        N/A       1%          4
 Leda's Liquefaction      Hex/Erth       36%        N/A       1%          4
 Blade Hands              Tmut           26%        N/A       1%          5
 Irradiate                Conj/Tmut      25%        3d22      1%          5
 Yara's Violent Unravell  Hex/Tmut       28%        3d12      1%          5
 Gell's Gravitas          Tloc           14%        N/A       3%          3
 Lesser Beckoning         Tloc           14%        N/A       3%          3
 Teleport Other           Tloc           28%        N/A       3%          3
 Animate Dead             Necr           18%        N/A       3%          4
 Iskenderun's Mystic Bla  Conj/Tloc      37%        2d9       3%          4
 Sticky Flame             Conj/Fire      54%        2d7       3%          4
 Bolt of Magma            Conj/Fire/Erth 38%        4d16      4%          5
 Mephitic Cloud           Conj/Pois/Air  35%        N/A       5%          3
 Ice Form                 Ice/Tmut       50%        N/A       5%          4
 Statue Form              Tmut/Erth      46%        N/A       5%          6
 Hailstorm                Conj/Ice       44%        3d10      9%          4
 Agony                    Necr           37%        N/A       9%          5
 Excruciating Wounds      Necr           18%        N/A       9%          5
 Metabolic Englaciation   Hex/Ice        27%        N/A       9%          5
 Silence                  Hex/Air        27%        N/A       9%          5
 Passage of Golubria      Tloc           N/A        N/A       11%         4
 Summon Ice Beast         Ice/Summ       37%        N/A       16%         4
 Summon Forest            Summ/Tloc      16%        N/A       16%         5
 Frozen Ramparts          Ice            36%        1d5       24%         3
 Manifold Assault         Tloc           28%        N/A       28%         5
 Dragon Form              Tmut           26%        N/A       28%         7
 Death Channel            Necr           18%        N/A       43%         6
 Shadow Creatures         Summ           N/A        N/A       43%         6
 Starburst                Conj/Fire      27%        8x6d9     43%         6
 Discord                  Hex            29%        N/A       56%         8
 Olgreb's Toxic Radiance  Pois           12%        N/A       63%         4
 Eringya's Noxious Bog    Tmut/Pois      16%        N/A       63%         6
 Orb of Destruction       Conj           23%        9d10      63%         7
 Conjure Ball Lightning   Conj/Air       22%        3x3d6     80%         6
 Spellforged Servitor     Conj/Summ      21%        N/A       82%         7
 Dispersal                Tloc           14%        N/A       85%         6
 Monstrous Menagerie      Summ           18%        N/A       95%         7
 Summon Hydra             Summ           18%        N/A       95%         7
 Lehudib's Crystal Spear  Conj/Erth      33%        10d8      98%         8
 Storm Form               Tmut/Air       25%        N/A       99%         7
 Borgnjor's Revivificati  Necr           18%        N/A       100%        8
 Disjunction              Tloc           14%        N/A       100%        8
 Necromutation            Tmut/Necr      23%        N/A       100%        8
 Chain Lightning          Conj/Air       22%        3d29      100%        9
 Death's Door             Necr           18%        N/A       100%        9
 Dragon's Call            Summ           18%        N/A       100%        9
 Fire Storm               Conj/Fire      27%        8d7       100%        9


Dungeon Overview and Level Annotations

Branches:
Dungeon (15/15)            Temple (1/1) D:4            Lair (6/6) D:11
 Shoals (4/4) Lair:2       Spider (4/4) Lair:4        Slime (0/5) Lair:5
    Orc (2/2) D:11            Elf (3/3) Orc:2        Vaults (5/5) D:14
  Crypt (1/3) Vaults:2     Depths (5/5) D:15           Hell (visited)
    Zot (5/5) Depths:5
    Dis: Hell:1         Geh: Hell:1         Coc: Hell:1         Tar: Hell:1

Altars:
Ashenzari
Cheibriados
Dithmenos
Elyvilon
Fedhas
Gozag
Hepliaklqana
Kikubaaqudgha
Makhleb
Nemelex Xobeh
Okawaru
Qazlal
Ru
Sif Muna
Trog
Uskayaw
Vehumet
Wu Jian
Xom
Yredelemnul
Zin
The Shining One
Lugonu

Shops:
D:1 (   D:6 *   D:7 *   D:11 =   D:15 *   Orc:1 ?   Orc:2 ((*(   Shoals:3 [**!
Vaults:1 *   Vaults:3 !   Vaults:4 *   Depths:1 [=:=   Depths:2 :(?[[

Portals:
Hell: Depths:1 Depths:2 Depths:3 Depths:4 Depths:5
Abyss: Depths:4
Pandemonium: Depths:2 Depths:3 Depths:4
Ziggurat: Depths:4

Annotations:
D:5 3 runed translucent doors, Lordarticus's ghost, amateur DsNe
Lair:1 exclusion: water moccasin
Lair:4 exclusion: 3 oklob plants
Shoals:1 exclusion: door
Shoals:3 Polyphemus
Spider:2 exclusion: downstairs
Vaults:1 exclusion: door
Vaults:4 exclusion: downstairs
Depths:4 exclusion: downstairs
Zot:2 exclusion: lightning spire
Zot:3 exclusions: door and 1 more exclusion
Zot:4 exclusions: 3 lightning spires and 1 more exclusion
Zot:5 1 exclusion


Innate Abilities, Weirdness & Mutations

You have a pair of large horns on your head.
You are completely covered in rugged brown scales. (AC +3, +7% HP)
You frequently emit foul miasma when damaged in melee.
When hurt, damage is shared between your health and your magic reserves.
You regenerate magic rapidly.
When low on magic, you restore magic in place of health.
Your presence sometimes corrodes or deforms those you injure.
You can speak a Word of Chaos.
You have very sharp teeth.
You have large cloven feet.


Message History

Aim: an angel, wielding a +2 whip of holy wrath and wearing a +0 robe (lightly wounded, haloed, 100% to hit)
You feel a surge of power!
Zombie hands grab the angel.
The zombie hands constrict the angel.
The angel struggles to escape constriction. x2
Your muscles tense, ready for explosive movement...
The zombie hands lose their grip on something.
Your supernatural speed expires.
Press: ? - help, v - describe, . - travel The floor.
This square is lit by a halo and is covered in magical glow.
Unknown command.
Casting: Borgnjor's Vile Clutch (mildly dangerous; 2% risk of failure)
Confirm with . or Enter, or press ? or * to list all spells.
Aiming: Borgnjor's Vile Clutch (mildly dangerous; 2% risk of failure)
Press: ? - help, Shift-Dir - straight line, f/p - angel
Aim: an angel, wielding a +2 whip of holy wrath and wearing a +0 robe (lightly wounded, haloed, 100% to hit)
You feel a surge of power!
Zombie hands grab the angel.
The zombie hands constrict the angel!
The angel struggles to escape constriction.
The zombie hands constrict the angel!
The angel struggles to escape constriction. x2
The zombie hands constrict the angel!
The angel struggles to escape constriction.
There is a stone staircase leading up here.
The zombie hands release their grip on the angel.
You fly upwards.
There is a stone staircase leading down here.
There is an open door here.
You feel less exhausted.
Magic restored.
There is a stone staircase leading up here.
You fly upwards.
There is a stone staircase leading down here.
There is an abandoned shop here.
There is an entrance to Riryofacru's Weapon Shop here.
There is a stone staircase leading down here.
There is a staircase leading out of the dungeon here.
You have escaped!

### ####@#
#####....## #
######.........#
####..............#
................###
.........#....###
..........#####
.......####
...#####


There were no monsters in sight!

Vanquished Creatures
  6 ancient liches (Zot:5)
  3 dread liches
  An orb of fire (Zot:5)
  Mara (Depths:2)
  2 juggernauts (Depths:4)
  Bai Suzhen (Shoals:3)
  2 Killer Klowns (Zot:5)
  A caustic shrike (Depths:2)
  Saint Roka (Vaults:2)
  Geryon (Hell)
  7 golden dragons
  A bone dragon (Zot:1)
  2 electric golems
  Rupert (D:13)
  4 liches
  Jorgrun (D:15)
  15 tentacled monstrosities
  5 quicksilver dragons
  2 deep elf blademasters
  24 Orb Guardians
  A deep elf master archer (Elf:3)
  3 titans
  4 sphinxes
  An ancient champion (Hell)
  A tentacled starspawn (Abyss:3)
  4 krakens (Shoals:2)
  Agnes (Vaults:2)
  4 death cobs
  14 storm dragons
  12 tengu reavers
  The ghost of Poejeopt the Warrior, an adept DsCK of Xom (Shoals:1)
  12 shadow dragons
  Kirke (Elf:1)
  7 draconian monks
  A revenant (Vaults:2)
  Donald (Vaults:3)
  14 vault wardens
  15 fire giants
  9 ghost moths
  4 draconian shifters
  7 draconian scorchers
  9 emperor scorpions
  4 deep elf sorcerers
  3 iron dragons
  6 frost giants
  8 draconian knights
  Louise (Elf:3)
  5 draconian stormcallers
  A balrug (Depths:3)
  15 ironbound preservers
  4 spectral caustic shrikes (Depths:4)
  6 deep elf elementalists
  5 spriggan defenders
  5 draconian annihilators
  5 war gargoyles
  20 stone giants
  23 very ugly things
  7 vampire knights
  3 deep elf demonologists (Elf:3)
  A juggernaut skeleton (Depths:1)
  11 green draconians
  7 black draconians
  11 red draconians
  4 dire elephants
  12 purple draconians
  4 entropy weavers
  3 spark wasps
  12 yellow draconians
  13 white draconians
  6 deep elf annihilators
  An eidolon (Vaults:2)
  9 merfolk javelineers
  19 ettins
  Snorg (D:11)
  8 deep elf death magi
  4 jiangshi
  10 fire dragons
  4 deep elf high priests
  Josephine (Spider:1)
  16 yaktaur captains
  12 merfolk impalers
  5 boulder beetles
  10 great orbs of eyes
  5 rakshasas
  40 vault guards
  A hell beast (Depths:5)
  6 ice dragons
  7 ironbound frosthearts
  2 peacekeepers
  An anaconda (shapeshifter) (Depths:2)
  2 spriggan air magi
  9 ironbound thunderhulks
  12 hydras
  48 deep trolls
  5 ogre magi
  A catoblepas (shapeshifter) (Vaults:3)
  4 merfolk aquamancers
  9 centaur warriors
  4 merfolk avatars
  An alligator snapping turtle (Shoals:4)
  28 dancing weapons
  10 death yaks
  A satyr (Shoals:3)
  10 deep troll shamans
  11 two-headed ogres
  11 deep troll earth magi
  2 shock serpents (shapeshifter)
  9 vampire magi
  A thrashing horror (Abyss:3)
  5 ironbound beastmasters
  3 tengu warriors
  4 spriggan berserkers
  A sun demon (Depths:3)
  An orc high priest (Elf:2)
  19 hell knights
  20 deep elf knights
  A spatial maelstrom (Abyss:3)
  A fire crab (shapeshifter) (Depths:3)
  Sonja (Lair:2)
  A soul eater (Depths:3)
  A wretched star (Abyss:3)
  10 iron trolls
  7 sea snakes
  A shadow demon (Depths:2)
  6 shadow wraiths (Depths:2)
  4 glowing orange brains
  An obsidian statue (Zot:5)
  A death drake (Lair:5)
  A bog body (Shoals:3)
  A flayed ghost (Depths:4)
  A harpy (shapeshifter) (Elf:3)
  5 necromancers
  9 deep elf archers
  3 wizards
  3 starcursed masses (Abyss:3)
  32 deep elf zephyrmancers
  11 lindwurms
  10 phantasmal warriors
  18 harpies
  2 orc sorcerers
  21 ironbound convokers
  11 oklob plants (Zot:1)
  13 orb spiders
  3 orc knights
  An orb spider (shapeshifter) (Depths:3)
  29 deep elf pyromancers
  24 wolf spiders
  A cyclops (shapeshifter) (Depths:3)
  39 ugly things
  A stone giant zombie (Depths:1)
  3 cyclopes
  10 fauns
  5 elephants (Lair:6)
  16 moths of wrath
  2 moths of wrath (shapeshifter) (Vaults:5)
  2 centaur zombies (D:9)
  5 merfolk sirens
  15 manticores
  10 black mambas
  A black mamba (shapeshifter) (Depths:3)
  An eye of devastation (Lair:5)
  16 vault sentinels
  A frost giant skeleton (Crypt:1)
  9 water nymphs
  A guardian serpent (Elf:2)
  A rust devil (Depths:3)
  4 smoke demons
  2 torpor snails (Spider:1)
  8 cane toads
  A fire giant skeleton (Depths:1)
  5 gargoyles
  A cane toad (shapeshifter) (Depths:3)
  An unseen horror (D:12)
  4 rime drakes
  An orange demon (Depths:2)
  A rime drake (shapeshifter) (Depths:3)
  5 kobold demonologists
  5 komodo dragons
  40 yaktaurs
  3 ice devils
  2 efreet
  A tormentor (Depths:2)
  A yaktaur (shapeshifter) (Elf:2)
  21 demonic crawlers
  A hellwing (Depths:3)
  4 freezing wraiths
  A tengu conjurer (Depths:3)
  3 red devils
  20 jumping spiders
  A meliai (shapeshifter) (Depths:3)
  8 trolls
  38 merfolk
  10 polar bears
  9 wind drakes
  10 hornets
  4 snapping turtles
  A blink frog (shapeshifter) (Depths:3)
  2 raiju (shapeshifter)
  80 slime creatures
  A slime creature (shapeshifter) (Depths:3)
  3 raiju (Lair:6)
  7 blink frogs (Lair:4)
  A meliai zombie (D:10)
  11 dream sheep
  A centaur simulacrum (D:15)
  A frost giant simulacrum (Depths:1)
  6 wraiths
  A tarantella (shapeshifter) (Depths:3)
  27 tarantellas
  2 shadows
  5 spriggans
  10 air elementals
  49 yaks
  2 vampires
  2 spriggans (shapeshifter)
  A dire elephant simulacrum (Crypt:1)
  2 nameless horrors
  A wyvern (shapeshifter) (Vaults:5)
  A wyvern (Lair:3)
  62 redbacks
  23 water elementals
  2 fire elementals
  Grum (D:11)
  A black mamba skeleton (Crypt:1)
  A neqoxec (Abyss:3)
  4 basilisks
  10 vampire mosquitoes
  3 steam dragons
  3 chaos spawn
  10 wargs
  An acid dragon (D:10)
  14 hell hounds
  A floating eye (Depths:4)
  A floating eye (shapeshifter) (Depths:4)
  22 orc warriors
  15 water moccasins
  4 ice beasts
  13 black bears
  A manticore zombie (Crypt:1)
  A black bear (shapeshifter) (Depths:3)
  A necrophage (D:7)
  2 ogres (shapeshifter)
  15 ogres
  24 wolves
  6 centaurs
  A phantom (D:7)
  2 kobold brigands
  7 bullfrogs
  A gnoll sergeant (D:5)
  A bullfrog (shapeshifter) (Depths:4)
  8 earth elementals
  3 scorpions
  A wyvern skeleton (D:7)
  3 water moccasin zombies
  A water moccasin skeleton (D:6)
  5 killer bees
  4 wights
  2 electric eels
  2 howler monkeys
  A bullfrog zombie (D:5)
  Crazy Yiuf (D:4)
  2 hounds
  2 gnoll shamans (D:7)
  8 orc priests
  2 iguanas
  2 bullfrog skeletons
  14 orc wizards
  A hound zombie (D:5)
  A hound skeleton (D:5)
  16 gnolls
  7 adders
  2 howler monkey skeletons
  A white imp (D:6)
  2 dart slugs (D:1)
  47 orcs
  2 giant cockroaches
  2 goblins (D:1)
  4 hobgoblins
  3 quokkas
  3 ball pythons
  5 bats
  A frilled lizard (D:2)
  16 kobolds
  6 rats
2042 creatures vanquished.

Vanquished Creatures (collateral kills)
  A dread lich (Vaults:5)
  3 orbs of fire (Zot:5)
  2 juggernauts
  A curse toe (Zot:5)
  A pandemonium lord (D:4)
  6 golden dragons
  Arachne (Spider:3)
  An electric golem (Zot:5)
  A tentacled monstrosity (Vaults:5)
  A deep elf blademaster (Elf:3)
  Asterion (Spider:3)
  2 Orb Guardians (Zot:5)
  A titan (Shoals:4)
  A quicksilver dragon (shapeshifter) (Depths:4)
  A deep elf master archer (Elf:3)
  A sphinx (Depths:2)
  A storm dragon (Zot:5)
  Gastronok (Lair:3)
  A shadow dragon (Vaults:5)
  4 fire giants
  2 frost giants
  A deep elf sorcerer (Elf:3)
  3 ironbound preservers
  3 deep elf elementalists (Elf:3)
  A reaper (Hell)
  3 stone giants
  A deep elf demonologist (Elf:3)
  4 deep elf annihilators (Elf:3)
  A vampire knight (Depths:4)
  An entropy weaver (Spider:2)
  A spark wasp (Depths:3)
  2 ettins
  2 fire dragons (Depths:4)
  A rakshasa (Depths:4)
  A great orb of eyes (Depths:4)
  2 ice dragons
  2 deep elf high priests
  2 vault guards (Vaults:5)
  An ironbound frostheart (Vaults:4)
  2 ogre magi (Vaults:5)
  A death yak (shapeshifter) (Depths:3)
  5 two-headed ogres (Orc:2)
  2 deep troll shamans (Depths:3)
  A death knight (D:13)
  A deep troll earth mage (Depths:4)
  2 soul eaters (Hell)
  A wretched star (Abyss:3)
  2 deep elf knights (Elf:1)
  A glowing orange brain (Depths:4)
  6 deep trolls
  A sea snake (Shoals:4)
  A deep elf pyromancer (Elf:3)
  An ironbound convoker (Vaults:5)
  An orc knight (Vaults:5)
  2 orb spiders (Spider:4)
  A phantasmal warrior (Depths:4)
  A manticore (Shoals:4)
  A cyclops (Orc:2)
  A faun (Shoals:4)
  2 ugly things (Depths:5)
  A wolf spider (Spider:4)
  2 vault sentinels (Vaults:5)
  An orange demon (Abyss:3)
  4 demonic crawlers
  4 jumping spiders
  5 trolls (Orc:2)
  A wind drake (Shoals:4)
  2 hornets (Spider:4)
  3 merfolk (Shoals:4)
  A snapping turtle (Shoals:4)
  3 blink frogs (Lair:4)
  A slime creature (Depths:1)
  A wraith (D:13)
  8 redbacks
  A tarantella (Spider:4)
  A water elemental (Shoals:4)
  A basilisk (Lair:4)
  3 yaks (Lair:4)
  6 wargs
  4 orc warriors (Orc:2)
  9 ogres
  A nameless horror (Elf:3)
  3 orc priests
  2 orc wizards (Orc:2)
  13 orcs
183 creatures vanquished.

Vanquished Creatures (others)
  An ancient champion (Vaults:2)
  A fire giant (Depths:3)
  A tengu reaver (Vaults:2)
  An azure jelly (shapeshifter) (D:14)
  A ghost moth (Spider:4)
  2 frost giants
  An ironbound preserver (Vaults:5)
  A reaper (Hell)
  A black draconian (Zot:5)
  An entropy weaver (Spider:1)
  A deep elf demonologist (Elf:1)
  A merfolk javelineer (Shoals:4)
  A deep elf death mage (Vaults:3)
  2 ettins (Depths:4)
  A jiangshi (Depths:2)
  A rakshasa (Depths:1)
  2 vault guards (Vaults:5)
  A yaktaur captain (Vaults:4)
  A deep elf high priest (Vaults:3)
  2 ogre magi
  2 satyrs
  3 two-headed ogres (D:15)
  A deep troll shaman (Depths:1)
  2 death yaks
  2 deep trolls
  A skeletal warrior (D:12)
  A cyclops (Orc:2)
  3 deep elf pyromancers
  A necromancer (Depths:1)
  A guardian serpent (shapeshifter) (D:13)
  A harpy (Shoals:4)
  An orb spider (Spider:4)
  A phantasmal warrior (Vaults:5)
  A deep elf archer (Elf:1)
  2 wolf spiders
  3 ugly things
  A moth of wrath (Zot:2)
  2 merfolk sirens
  3 yaktaurs
  A polar bear (Lair:6)
  2 hornets (Spider:4)
  A wind drake (Shoals:4)
  3 dream sheep
  An air elemental (Elf:3)
  A wraith (Spider:1)
  A redback (Spider:1)
  A wyvern (Lair:4)
  2 humans (Elf:1)
  8 yaks
  2 water elementals
  3 ogres
  An orc warrior (Elf:2)
  A black bear (Lair:6)
  A tengu (shapeshifter) (Depths:3)
  A wolf (Lair:6)
  2 orcs
  3 bushes
  9 fulminant prisms (Zot:1)
  56 fungi
  181 plants
  6 starspawn tentacles (Abyss:3)
  25 tentacles (Shoals:2)
368 creatures vanquished.

Grand Total: 2593 creatures vanquished

Notes
Turn   | Place    | Note
-------+----------+-------------------------------------------
     0 | D:1      | artmatt the Demonspawn Earth Elementalist began the quest
                  | for the Orb.
     0 | D:1      | Reached XP level 1. HP: 13/13 MP: 3/3
    69 | D:1      | Reached skill level 1 in Transmutations
    79 | D:1      | Reached skill level 2 in Stealth
   607 | D:1      | Gained mutation: You are partially covered in rugged brown
                  | scales. (AC +1, +3% HP) [demonic ancestry]
   607 | D:1      | Reached XP level 2. HP: 13/19 MP: 3/5
   620 | D:1      | Learned a level 2 spell: Passwall
  1053 | D:1      | Found Riryofacru's Weapon Shop.
  1369 | D:1      | Reached XP level 3. HP: 11/24 MP: 4/6
  1794 | D:2      | Reached skill level 3 in Stealth
  2657 | D:2      | Gained mutation: You regenerate magic rapidly. [demonic
                  | ancestry]
  2657 | D:2      | Reached XP level 4. HP: 4/30 MP: 0/7
  3397 | D:2      | Found a faded altar of an unknown god.
  4759 | D:4      | Found an iron altar of Okawaru.
  4797 | D:4      | Found a staircase to the Ecumenical Temple.
  4822 | Temple   | Entered the Ecumenical Temple
  5042 | D:4      | Reached XP level 5. HP: 36/36 MP: 8/8
  5151 | D:4      | Reached skill level 1 in Short Blades
  5156 | D:4      | Learned a level 4 spell: Petrify
  5507 | D:4      | Found an ornate altar of the Wu Jian Council.
  5512 | D:4      | Became a worshipper of the Wu Jian Council
  5596 | D:4      | Found a runed translucent door.
  5597 | D:4      | Noticed Crazy Yiuf
  5768 | D:5      | Entered Level 5 of the Dungeon
  5790 | D:4      | Reached skill level 4 in Stealth
  6091 | D:5      | Noticed an ice beast
  6106 | D:5      | Gained mutation: You have sharp toenails. [potion of
                  | mutation]
  6106 | D:5      | Gained mutation: Your muscles are strong. (Str +2) [potion
                  | of mutation]
  6107 | D:5      | Killed an ice beast
  6108 | D:5      | Gained mutation: When hurt, damage is shared between your
                  | health and your magic reserves. [demonic ancestry]
  6108 | D:5      | Reached XP level 6. HP: 16/42 MP: 1/9
  6335 | D:5      | Found a stormy altar of Qazlal.
  6428 | D:5      | Noticed an ice beast
  6538 | D:5      | Found an opulent altar of Gozag.
  6747 | D:5      | Gained mutation: You are mostly covered in rugged brown
                  | scales. (AC +2, +5% HP) [demonic ancestry]
  6747 | D:5      | Reached XP level 7. HP: 37/48 MP: 6/10
  6885 | D:5      | Found a runed translucent gate.
  6886 | D:5      | Found a runed translucent gate.
  7596 | D:5      | Reached skill level 5 in Stealth
  7621 | D:5      | Learned a level 3 spell: Stone Arrow
  7875 | D:5      | Found a shadowy altar of Dithmenos.
  8360 | D:5      | Gained mutation: You may rarely emit foul miasma when
                  | damaged in melee. [demonic ancestry]
  8360 | D:5      | Reached XP level 8. HP: 47/54 MP: 3/11
  8690 | D:5      | Found a runed translucent gate.
  8691 | D:5      | Found an opulent altar of Gozag.
  8692 | D:5      | Noticed Lordarticus's ghost (amateur DsNe)
  9333 | D:6      | Reached skill level 1 in Throwing
  9358 | D:6      | Found Niresan's Lightly-Used Armoury.
  9368 | D:6      | Reached skill level 5 in Earth Magic
  9398 | D:6      | Reached skill level 5 in Transmutations
  9745 | D:6      | Reached skill level 6 in Stealth
 10773 | D:8      | Reached XP level 9. HP: 58/59 MP: 2/12
 11572 | D:7      | Reached * piety under Wu Jian
 11591 | D:7      | Reached skill level 5 in Short Blades
 11791 | D:7      | Found Raohorif's Overcharged Wands.
 12981 | D:8      | Reached skill level 7 in Stealth
 13323 | D:9      | Noticed a troll
 13328 | D:9      | Killed a troll
 13587 | D:8      | Reached XP level 10. HP: 66/66 MP: 5/16
 13679 | D:8      | Reached skill level 1 in Evocations
 14385 | D:9      | Learned a level 4 spell: Leda's Liquefaction
 14533 | D:9      | Identified the +5 shortbow "Yhucif" {venom, Stlth+}
 14657 | D:9      | Learned a level 1 spell: Apportation
 15135 | D:10     | Entered Level 10 of the Dungeon
 15141 | D:10     | Reached skill level 1 in Hexes
 15272 | D:10     | Found a basalt altar of Yredelemnul.
 15478 | D:10     | Reached skill level 8 in Stealth
 15483 | D:10     | Noticed a vault guard
 15514 | D:10     | Killed a vault guard
 15557 | D:10     | Found a portal to a secret trove of treasure.
 15609 | D:10     | Learned a level 1 spell: Magic Dart
 15622 | D:10     | Noticed a gargoyle
 15627 | D:10     | Reached skill level 5 in Throwing
 15628 | D:10     | Killed a gargoyle
 15691 | D:10     | Got the Collected Works on Glacial Lightness
 15844 | D:10     | Reached ** piety under Wu Jian
 15856 | D:10     | Gained mutation: You have a pair of small horns on your
                  | head. [demonic ancestry]
 15856 | D:10     | Reached XP level 11. HP: 42/71 MP: 3/17
 16472 | D:11     | Found Uthuywoss's Jewellery Boutique.
 17294 | D:11     | Bought the ring "Padutz" {rPois Str-2 Int-4 Dex+9 SInv} for
                  | 390 gold pieces
 17455 | D:11     | Reached skill level 9 in Stealth
 17551 | D:11     | Noticed Grum
 17716 | D:11     | Noticed Snorg
 17731 | D:11     | Found a staircase to the Orcish Mines.
 17733 | D:11     | Killed Snorg
 17960 | D:11     | Found a stormy altar of Qazlal.
 18001 | D:11     | Noticed a two-headed ogre
 18046 | D:11     | Found a staircase to the Lair.
 18051 | Lair:1   | Entered Level 1 of the Lair of Beasts
 18493 | Orc:1    | Entered Level 1 of the Orcish Mines
 18824 | D:11     | Killed Grum
 18902 | D:11     | Killed a two-headed ogre
 19089 | D:12     | Reached skill level 5 in Dodging
 19222 | D:12     | Reached skill level 5 in Evocations
 19261 | D:12     | Reached *** piety under Wu Jian
 19282 | D:12     | Reached skill level 10 in Stealth
 19527 | D:12     | Gained mutation: You are completely covered in rugged brown
                  | scales. (AC +3, +7% HP) [demonic ancestry]
 19527 | D:12     | Reached XP level 12. HP: 71/79 MP: 16/18
 19644 | D:12     | Noticed a boulder beetle
 20186 | D:12     | Killed a boulder beetle
 20270 | D:13     | Noticed a death knight
 20855 | D:13     | Noticed a centaur warrior
 20892 | D:13     | Reached skill level 5 in Hexes
 20915 | D:13     | Noticed Rupert
 20924 | D:13     | Killed a death knight
 20926 | D:13     | Noticed a centaur warrior
 20927 | D:13     | Killed a centaur warrior
 21066 | D:13     | Killed a centaur warrior
 21707 | Orc:2    | Entered Level 2 of the Orcish Mines
 22523 | Orc:2    | Reached **** piety under Wu Jian
 22537 | Orc:2    | Killed a two-headed ogre
 22538 | Orc:2    | Reached skill level 11 in Stealth
 22542 | Orc:2    | Killed a two-headed ogre
 22547 | Orc:2    | Killed a two-headed ogre
 22549 | Orc:2    | Killed a two-headed ogre
 22591 | Orc:2    | Noticed an ogre mage
 22597 | Orc:2    | Killed a two-headed ogre
 22654 | Orc:2    | Found a staircase to the Elven Halls.
 22654 | Orc:2    | Noticed a two-headed ogre
 22711 | Orc:2    | Killed an ogre mage
 22765 | Orc:2    | Killed a deep troll
 22766 | Orc:2    | Reached XP level 13. HP: 84/84 MP: 8/19
 22915 | Orc:2    | Reached skill level 1 in Translocations
 23057 | Orc:2    | Found Wafeany's Antique Weapon Emporium.
 23058 | Orc:2    | Found Zinuph's Weapon Emporium.
 23109 | Orc:2    | Found Goam Weudgh's Assorted Antiques.
 23130 | Orc:2    | Found Leloz's Weapon Shoppe.
 23412 | Orc:1    | Found Noiw Via's Magic Scroll Shop.
 23843 | Lair:1   | Identified the amulet of the Good {Spirit +Inv rPois Will+
                  | Dex-3}
 24082 | Lair:1   | Identified the +0 robe of the Ditch-Digger {+Blink}
 25293 | Lair:2   | Found a staircase to the Shoals.
 25446 | Lair:2   | Learned a level 3 spell: Summon Guardian Golem
 25592 | Lair:2   | Reached skill level 12 in Stealth
 25728 | Lair:2   | Noticed Sonja
 26161 | Lair:2   | Killed Sonja
 26543 | Lair:3   | Noticed Gastronok
 26658 | Lair:3   | Killed Gastronok
 27425 | Lair:4   | Identified the +8 war axe of Bile {holy, Fragile rElec
                  | Int+7 Stlth+}
 27717 | Lair:4   | Found a hole to the Spider Nest.
 27926 | Lair:4   | Gained mutation: You have a pair of horns on your head.
                  | [demonic ancestry]
 27926 | Lair:4   | Reached XP level 14. HP: 90/90 MP: 8/20
 28110 | Lair:4   | Reached ***** piety under Wu Jian
 28378 | Lair:4   | Identified the +1 leather armour "Vyno" {Str+2}
 29858 | Lair:5   | Found a staircase to the Slime Pits.
 29866 | Lair:5   | Reached skill level 1 in Summonings
 30204 | Lair:6   | Entered Level 6 of the Lair of Beasts
 30618 | Lair:5   | Reached skill level 1 in Fighting
 31685 | Lair:5   | Reached skill level 13 in Stealth
 33779 | Lair:6   | Reached skill level 1 in Shields
 34111 | Lair:6   | Identified the ring "Acleorha" {Fly rN+ Will+ Dex+4}
 35780 | Lair:6   | Gained mutation: Your presence sometimes corrodes those you
                  | injure. [demonic ancestry]
 35780 | Lair:6   | Reached XP level 15. HP: 67/103 MP: 2/21
 37167 | D:15     | Entered Level 15 of the Dungeon
 37365 | D:13     | Killed Rupert
 37366 | D:13     | Reached skill level 5 in Translocations
 37930 | D:14     | Noticed a shadow dragon
 37930 | D:14     | Found a runed translucent door.
 37930 | D:14     | Noticed a tengu reaver
 37931 | D:14     | Reached skill level 5 in Summonings
 37987 | D:14     | Learned a level 4 spell: Dispel Undead
 39019 | D:14     | Killed an azure jelly
 39417 | D:14     | Found a gate to the Vaults.
 39525 | D:15     | Found a staircase to the Depths.
 39525 | D:15     | Noticed a fire giant
 39659 | D:15     | Reached skill level 1 in Necromancy
 39795 | D:15     | Found a sparkling altar of Nemelex Xobeh.
 40311 | D:15     | Found Dikh's General Store.
 40317 | D:15     | Bought a scroll of teleportation for 36 gold pieces
 40317 | D:15     | Bought a wand of iceblast (7) for 132 gold pieces
 40396 | D:15     | Noticed Jorgrun
 41161 | D:15     | Killed a fire giant
 41477 | Shoals:1 | Entered Level 1 of the Shoals
 41585 | Shoals:1 | Reached skill level 14 in Stealth
 41679 | Shoals:2 | Found a large runed translucent door.
 41679 | Shoals:2 | Found a large runed translucent door.
 41679 | Shoals:2 | Noticed Poejeopt's ghost (adept DsCK)
 42583 | Shoals:2 | Noticed a kraken
 42677 | Shoals:2 | Killed a kraken
 42678 | Shoals:2 | Gained mutation: You have a pair of large horns on your
                  | head. [demonic ancestry]
 42678 | Shoals:2 | Reached XP level 16. HP: 93/115 MP: 12/22
 42692 | Shoals:1 | HP: 1/115 [merfolk javelineer/silver javelin (12)]
 43462 | Shoals:2 | Reached skill level 10 in Transmutations
 43993 | Shoals:2 | Reached skill level 5 in Fighting
 44255 | Orc:2    | Bought a +2 hand crossbow of flaming for 183 gold pieces
 44817 | D:4      | Killed Crazy Yiuf
 45054 | D:9      | Reached skill level 10 in Earth Magic
 46313 | Shoals:2 | Identified the +9 short sword "Ultimatum" {protect, rElec}
 46445 | Shoals:2 | Noticed a kraken
 46454 | Shoals:2 | Killed a kraken
 46494 | Shoals:2 | Noticed a kraken
 46554 | Shoals:2 | Killed a kraken
 46596 | Shoals:2 | Noticed a kraken
 46708 | Shoals:3 | Reached skill level 1 in Crossbows
 46799 | Shoals:2 | Identified the +2 robe of Apathy {rCorr Stlth+} (You found
                  | it on level 2 of the Shoals)
 47274 | Shoals:2 | Killed a kraken
 47450 | Shoals:1 | Killed Poejeopt's ghost
 47537 | Shoals:4 | Entered Level 4 of the Shoals
 48407 | Shoals:3 | Found Debb's Armour Shoppe.
 48457 | Shoals:4 | Paralysed by an air elemental for 1 turns
 48463 | Shoals:4 | Paralysed by an air elemental for 1 turns
 48538 | Shoals:3 | Found Vaat's Distillery.
 48545 | Shoals:3 | Noticed Bai Suzhen
 48559 | Shoals:3 | Found Huemekote's General Store.
 48559 | Shoals:3 | Killed Bai Suzhen
 48560 | Shoals:3 | Reached skill level 5 in Necromancy
 48560 | Shoals:3 | Found Hedghyneu's Specific Store.
 48572 | Shoals:3 | Bought a scarf of shadows for 204 gold pieces
 48572 | Shoals:3 | Bought a potion of haste for 170 gold pieces
 48572 | Shoals:3 | Bought a scroll of blinking for 127 gold pieces
 48638 | Shoals:3 | Noticed a titan
 48638 | Shoals:3 | Noticed Polyphemus
 49472 | D:7      | Bought a wand of flame (55) for 484 gold pieces
 49472 | D:7      | Bought a wand of acid (25) for 986 gold pieces
 49754 | Spider:1 | Entered Level 1 of the Spider Nest
 49967 | Spider:1 | Noticed Josephine
 50042 | Spider:1 | Killed Josephine
 50255 | Spider:1 | Gained mutation: You sometimes emit foul miasma when
                  | damaged in melee. [demonic ancestry]
 50255 | Spider:1 | Reached XP level 17. HP: 115/124 MP: 17/23
 50338 | Spider:1 | Identified the ring "Turyoc" {MP+9 Int+4}
 50704 | Spider:1 | Reached skill level 15 in Stealth
 51227 | Spider:2 | Learned a level 6 spell: Invisibility
 52394 | Spider:3 | Noticed Arachne
 52398 | Spider:3 | Noticed Asterion
 52662 | Spider:4 | Entered Level 4 of the Spider Nest
 52880 | Spider:2 | Reached skill level 10 in Hexes
 52960 | Spider:3 | Killed Asterion
 52965 | Spider:3 | Killed Arachne
 53750 | Shoals:4 | Paralysed by an air elemental for 1 turns
 53758 | Shoals:4 | Paralysed by an air elemental for 1 turns
 54412 | Shoals:4 | Paralysed by an air elemental for 1 turns
 54711 | Shoals:4 | Paralysed by an air elemental for 1 turns
 54715 | Shoals:4 | Paralysed by an air elemental for 1 turns
 54742 | Shoals:4 | Paralysed by an air elemental for 1 turns
 54993 | Shoals:4 | Paralysed by an air elemental for 1 turns
 55002 | Shoals:4 | Paralysed by an air elemental for 1 turns
 55005 | Shoals:4 | Paralysed by an air elemental for 1 turns
 55011 | Shoals:4 | Paralysed by an air elemental for 1 turns
 55018 | Shoals:4 | Paralysed by an air elemental for 1 turns
 55145 | Shoals:4 | Reached skill level 5 in Spellcasting
 55152 | Shoals:4 | Gained mutation: You frequently emit foul miasma when
                  | damaged in melee. [demonic ancestry]
 55152 | Shoals:4 | Reached XP level 18. HP: 135/135 MP: 22/25
 55383 | Shoals:4 | Reached ****** piety under Wu Jian
 56109 | Shoals:4 | Reached skill level 16 in Stealth
 56154 | Shoals:4 | Got a barnacled rune of Zot
 56732 | Spider:4 | Identified the +8 quarterstaff of the Dancing Mosquito
                  | {vorpal, +Blink MP-9 Str-2 Int+8}
 57189 | Spider:4 | Reached skill level 1 in Conjurations
 58299 | Spider:4 | Got a gossamer rune of Zot
 58746 | Depths:1 | Entered Level 1 of the Depths
 59228 | Depths:1 | Found a gateway to Hell.
 59233 | Hell     | Entered the Vestibule of Hell
 59233 | Hell     | Noticed Geryon
 59772 | Depths:1 | Found Ollucadgh's Jewellery Boutique.
 59774 | Depths:1 | Found Mequtal's Jewellery Boutique.
 59774 | Depths:1 | Found Jismil's Book Emporium.
 59979 | Depths:2 | Found Zacwec's Magic Scroll Shoppe.
 60482 | Depths:2 | Reached XP level 19. HP: 130/145 MP: 22/28
 60670 | Depths:2 | Bought a scroll of acquirement for 676 gold pieces
 60670 | Depths:2 | Bought a scroll of summoning for 123 gold pieces
 60678 | Depths:2 | Acquired a +2 pair of boots of stealth
 60732 | Depths:2 | Identified the +5 glaive of the Howling Hawk {venom, +Rage
                  | SInv Stlth+}
 60788 | Depths:2 | Paralysed by a great orb of eyes for 4 turns
 60830 | Depths:2 | Found Plog's Antique Weapon Shoppe.
 60844 | Depths:2 | Found Emeus's Book Shop.
 61013 | Depths:1 | Reached skill level 10 in Short Blades
 61145 | Depths:1 | Found Unalatz's Antique Armour Boutique.
 61986 | Depths:2 | Found a sacrificial altar of Ru.
 62048 | Depths:2 | Learned a level 5 spell: Bolt of Magma
 62142 | Depths:2 | Noticed a caustic shrike
 62164 | Depths:2 | Found a one-way gate leading to the halls of Pandemonium.
 62172 | Depths:2 | Noticed Mara
 62319 | Vaults:1 | Entered Level 1 of the Vaults
 62420 | Vaults:1 | Reached skill level 17 in Stealth
 62529 | Vaults:1 | Found Esameolo's Assorted Antiques.
 63757 | Vaults:1 | Reached skill level 5 in Conjurations
 64777 | Vaults:2 | Gained mutation: Your presence sometimes corrodes or
                  | deforms those you injure. [demonic ancestry]
 64777 | Vaults:2 | Reached XP level 20. HP: 155/155 MP: 26/31
 65160 | Vaults:2 | Found a staircase to the Crypt.
 65182 | Crypt:1  | Entered Level 1 of the Crypt
 65182 | Crypt:1  | Noticed Saint Roka
 65200 | Vaults:2 | Killed Saint Roka
 65630 | Vaults:2 | Noticed Agnes
 65636 | Vaults:2 | Killed Agnes
 65885 | Vaults:2 | Reached skill level 10 in Fighting
 66144 | Vaults:2 | Learned a level 5 spell: Lee's Rapid Deconstruction
 66424 | Vaults:3 | Found Diesy's Distillery.
 66431 | Vaults:3 | Bought a potion of experience for 950 gold pieces
 66435 | Vaults:3 | Reached skill level 18 in Stealth
 66435 | Vaults:3 | Reached XP level 21. HP: 163/163 MP: 33/33
 66618 | Vaults:3 | Noticed Donald
 66926 | Vaults:3 | Reached skill level 1 in Fire Magic
 67570 | Vaults:3 | Paralysed by a sphinx for 5 turns
 67580 | Vaults:3 | Paralysed by a sphinx for 5 turns
 67786 | Vaults:3 | Killed Donald
 67818 | Vaults:3 | Identified the +9 arbalest of Wihusin {freeze, rN+ rCorr
                  | Str+5}
 68456 | Vaults:3 | Gained mutation: When low on magic, you restore magic in
                  | place of health. [demonic ancestry]
 68456 | Vaults:3 | Reached XP level 22. HP: 127/172 MP: 20/34
 68640 | Vaults:3 | Reached skill level 10 in Dodging
 68686 | Vaults:3 | Identified the ring "Tiklet" {Fire Str+3}
 70236 | Vaults:4 | Found Orewio's Assorted Antiques.
 70315 | Vaults:4 | Learned a level 5 spell: Summon Mana Viper
 71220 | Elf:1    | Entered Level 1 of the Elven Halls
 71228 | Elf:1    | Noticed Kirke
 71247 | Elf:1    | Killed Kirke
 71861 | Elf:1    | Identified the +2 pair of boots of the Trombone {rF- Regen+
                  | SInv Stlth+}
 72594 | Elf:2    | Found Exkyucum's Magic Scroll Shoppe.
 72946 | Elf:2    | Acquired Sif Muna's Grimoire of Ghastly Confrontation
 72975 | Elf:2    | Learned a level 5 spell: Borgnjor's Vile Clutch
 73358 | Elf:2    | Found a runed translucent gate.
 73359 | Elf:2    | Found a runed translucent gate.
 73359 | Elf:2    | Found a runed translucent gate.
 73420 | Elf:2    | Identified the +10 lajatang "Arcanum" {drain, rC+ Will+++
                  | rCorr Stlth-}
 73491 | Elf:3    | Entered Level 3 of the Elven Halls
 74057 | Elf:3    | Noticed Louise
 74067 | Elf:3    | Paralysed by an air elemental for 1 turns
 74082 | Elf:3    | Killed Louise
 74513 | Elf:3    | Reached skill level 19 in Stealth
 75018 | Elf:3    | Reached skill level 10 in Evocations
 75018 | Elf:3    | Reached XP level 23. HP: 144/180 MP: 16/36
 75242 | Elf:3    | Identified the +12 spear of Sunlight {vorpal, rElec Dex+3}
 75245 | Elf:3    | Cast into level 2 of the Abyss (a deep elf sorcerer)
 75265 | Abyss:3  | Found a corrupted altar of Lugonu.
 75410 | Abyss:3  | Found a bloodstained altar of Trog.
 75422 | Abyss:3  | Gained mutation: You occasionally shout uncontrollably at
                  | your foes. [a neqoxec]
 75426 | Abyss:3  | Gained mutation: Armour fits poorly on your strangely
                  | shaped body. [a neqoxec]
 75428 | Abyss:3  | Gained mutation: You frequently scream uncontrollably at
                  | your foes. [a neqoxec]
 75489 | Abyss:3  | Found a corrupted altar of Lugonu.
 75543 | Abyss:3  | Lost mutation: Your muscles are strong. (Str +2) [potion of
                  | mutation]
 75543 | Abyss:3  | Lost mutation: Armour fits poorly on your strangely shaped
                  | body. [potion of mutation]
 75543 | Abyss:3  | Lost mutation: You frequently scream uncontrollably at your
                  | foes. [potion of mutation]
 75544 | Abyss:3  | Lost mutation: You have sharp toenails. [potion of
                  | mutation]
 75544 | Abyss:3  | Lost mutation: You occasionally shout uncontrollably at
                  | your foes. [potion of mutation]
 75568 | Abyss:3  | Reached skill level 5 in Fire Magic
 75637 | Elf:3    | Escaped the Abyss
 75643 | Elf:3    | Identified the +3 mace of the Sky {venom, rF+ Will+ Int+2
                  | SInv}
 75643 | Elf:3    | Identified the ring "Uppon" {Int+5 Dex+6}
 75911 | Elf:3    | Identified the +8 short sword of Ruigapnimai {vorpal,
                  | Dex+2}
 75982 | Elf:3    | Found the ring of the Octopus King {Wiz AC+1 EV+1 Str+1
                  | Int+1 Dex+1}
 75991 | Elf:3    | Identified the ring of Piutarig {Ice Int+7 Dex+2}
 76096 | Elf:3    | Identified the +7 war axe of Cruel Justice {vorpal, *Slow
                  | +Blink Int+6 Dex+3}
 76354 | Elf:3    | Found the +3 Elemental Staff {rElec rF++ rC++ Will++ AC+5}
 76369 | Elf:3    | Identified the +6 scale mail "Qirinaun" {*Corrode rC+
                  | Regen+}
 76380 | Elf:3    | Identified the +1 ice dragon scales of Quytze {rF- rC++
                  | rCorr Str+7 Int-3}
 77880 | Depths:2 | Killed Mara
 78179 | Depths:2 | Found Jyrphim's Armour Boutique.
 78393 | Depths:2 | Found Plog's Armour Emporium.
 78895 | Depths:2 | Noticed a caustic shrike
 78895 | Depths:2 | Noticed a caustic shrike
 78895 | Depths:2 | Noticed a caustic shrike
 78895 | Depths:2 | Noticed a caustic shrike
 78895 | Depths:2 | Killed a caustic shrike
 79001 | Depths:2 | Identified the +2 shadow dragon scales of Adwiniur {rC+
                  | Will- SInv Stlth++++}
 79407 | Depths:3 | Identified the +3 mace of Zin {flame, rF+ Str-5 Dex+4}
 80031 | Hell     | Killed Geryon
 80191 | Depths:3 | Reached skill level 10 in Spellcasting
 80255 | Depths:3 | Reached XP level 24. HP: 191/191 MP: 37/37
 81376 | Depths:3 | Identified the +6 trident of the Wheel {freeze, rF+ Will+
                  | Dex-4}
 81577 | Depths:4 | Found a gateway to a ziggurat.
 81633 | Depths:5 | Entered Level 5 of the Depths
 81633 | Depths:5 | Noticed a juggernaut
 82053 | Depths:4 | Noticed a juggernaut
 82092 | Depths:4 | Killed a juggernaut
 82623 | Depths:4 | Found a corrupted altar of Lugonu.
 82624 | Depths:4 | Found a one-way gate to the infinite horrors of the Abyss.
 83203 | Depths:4 | Noticed a juggernaut
 83437 | Depths:4 | Reached skill level 20 in Stealth
 84183 | Depths:4 | Learned a level 5 spell: Alistair's Intoxication
 84209 | Depths:4 | Acquired 830 gold pieces
 84533 | Depths:4 | Killed a juggernaut
 85736 | Depths:4 | Reached XP level 25. HP: 198/201 MP: 34/38
 86765 | Depths:5 | Killed a juggernaut
 87813 | Depths:5 | Found a gate to the Realm of Zot.
 88858 | Vaults:5 | Entered Level 5 of the Vaults
 88904 | Vaults:5 | Identified the +3 mace of Ukhlesh {elec, rF+}
 88947 | Vaults:5 | Noticed a dread lich
 89099 | Vaults:5 | Identified the +0 arbalest "Curegic" {flame, rElec rF+
                  | Stlth+}
 89486 | Vaults:5 | Identified the ring of Interdependent Arising {Wiz *Corrode
                  | rPois rN+ Str+3}
 90018 | Vaults:5 | Noticed a dread lich
 90032 | Vaults:5 | Killed a dread lich
 90067 | Vaults:5 | Paralysed by an ogre mage for 2 turns
 90093 | Vaults:5 | Gained mutation: You can speak a Word of Chaos. [demonic
                  | ancestry]
 90093 | Vaults:5 | Reached XP level 26. HP: 186/212 MP: 29/39
 90129 | Vaults:5 | Identified the +5 hand crossbow of Valoikukh {vorpal,
                  | Int+4}
 90379 | Vaults:5 | Killed a dread lich
 90741 | Vaults:5 | Paralysed by something for 3 turns
 90865 | Vaults:5 | Got a silver rune of Zot
 91156 | Vaults:5 | Got the Tome of the Ensnaring Escort
 91307 | Vaults:5 | Got the Guide on Malediction
 91309 | Vaults:5 | Got the Grimoire of Agnosticism
 91584 | Vaults:5 | Identified the +1 quarterstaff "Nelor" {drain, rElec rN+}
 91868 | D:10     | You paid a toll of 7 scrolls of fog to enter a treasure
                  | trove
 91869 | Trove    | Entered a treasure trove
 91885 | Trove    | Identified the ring of the Scavenger {*Corrode rPois rC+
                  | Str+7 Int+3}
 92178 | Zot:1    | Entered Level 1 of the Realm of Zot
 92457 | Zot:1    | Reached skill level 21 in Stealth
 92553 | Zot:1    | Reached skill level 15 in Hexes
 93371 | Zot:1    | Learned a level 4 spell: Fulminant Prism
 93569 | Zot:1    | Reached skill level 15 in Fighting
 93774 | Zot:2    | Reached skill level 15 in Short Blades
 94702 | Zot:3    | Noticed an orb of fire
 94803 | Zot:3    | Identified the +1 falchion of Tortfeasance {vamp, *Slow
                  | Will+ rCorr Str+8}
 95929 | Depths:2 | Bought a scroll of magic mapping for 45 gold pieces
 95929 | Depths:2 | Bought a scroll of blinking for 97 gold pieces
 95929 | Depths:2 | Bought a scroll of teleportation for 39 gold pieces
 95929 | Depths:2 | Bought a scroll of blinking for 97 gold pieces
 95970 | Depths:2 | Bought a bloodstained hand axe for 192 gold pieces
 95970 | Depths:2 | Identified the +10 hand axe of the Hall of Blades {vorpal,
                  | Will+ Int+3} (You bought it in a shop on level 2 of the
                  | Depths)
 95970 | Depths:2 | Bought a glowing rapier for 168 gold pieces
 96811 | Zot:4    | Acquired a book of Spatial Translocations
 96816 | Zot:4    | Learned a level 2 spell: Blink
 97163 | Zot:4    | Reached XP level 27. HP: 222/222 MP: 40/40
 98059 | D:14     | Identified the +0 robe "Umyedghygo" {Int+2 Stlth+}
 98434 | Zot:4    | Reached skill level 15 in Evocations
 98725 | Zot:5    | Entered Level 5 of the Realm of Zot
 99221 | D:15     | Killed Jorgrun
 99233 | D:15     | Learned a level 5 spell: Lightning Bolt
 99248 | D:15     | Bought a potion of heal wounds for 60 gold pieces
 99248 | D:15     | Bought a potion of heal wounds for 60 gold pieces
101409 | Zot:5    | Learned a level 3 spell: Portal Projectile
102127 | Zot:5    | Noticed an ancient lich
102263 | Zot:5    | Noticed an ancient lich
102372 | Zot:5    | Killed an ancient lich
102485 | Zot:5    | Noticed a dread lich
102523 | Zot:5    | Noticed an ancient lich
102524 | Zot:5    | Killed a dread lich
102525 | Zot:5    | Reached skill level 22 in Stealth
102530 | Zot:5    | Noticed an orb of fire
102536 | Zot:5    | Killed an ancient lich
102539 | Zot:5    | Noticed an ancient lich
102815 | Zot:5    | Gained mutation: Armour fits poorly on your strangely
                  | shaped body. [an orb of fire]
102864 | Zot:5    | Killed an orb of fire
102912 | Zot:5    | Killed an ancient lich
102923 | Zot:5    | Killed an ancient lich
103040 | Zot:5    | Noticed a juggernaut
103040 | Zot:5    | a Killer Klown changed into a juggernaut
103143 | Zot:5    | Reached skill level 10 in Conjurations
103316 | Zot:5    | Noticed an orb of fire
103339 | Zot:5    | Noticed an orb of fire
103475 | Zot:5    | Gained mutation: You occasionally shout uncontrollably at
                  | your foes. [an orb of fire]
103482 | Zot:5    | Gained mutation: You are frail. (-10% HP) [an orb of fire]
103488 | Zot:5    | Killed an orb of fire
103549 | Zot:5    | Lost mutation: Armour fits poorly on your strangely shaped
                  | body. [potion of mutation]
103549 | Zot:5    | Lost mutation: You are frail. (-10% HP) [potion of
                  | mutation]
103549 | Zot:5    | Gained mutation: You are clumsy. (Dex -2) [potion of
                  | mutation]
103984 | Vaults:3 | Bought a potion of mutation for 152 gold pieces
103984 | Vaults:3 | Bought a potion of curing for 57 gold pieces
104350 | Zot:5    | Gained mutation: Your spells are a little easier to cast,
                  | but a little less powerful. [an orb of fire]
104363 | Zot:5    | Gained mutation: You frequently scream uncontrollably at
                  | your foes. [an orb of fire]
104364 | Zot:5    | Lost mutation: You frequently scream uncontrollably at your
                  | foes. [potion of mutation]
104364 | Zot:5    | Lost mutation: Your spells are a little easier to cast, but
                  | a little less powerful. [potion of mutation]
104364 | Zot:5    | Lost mutation: You are clumsy. (Dex -2) [potion of
                  | mutation]
104364 | Zot:5    | Gained mutation: Your mind is acute. (Int +2) [potion of
                  | mutation]
104364 | Zot:5    | Gained mutation: You have an increased reservoir of magic.
                  | (+10% MP) [potion of mutation]
104377 | Zot:5    | Killed an orb of fire
104728 | Zot:5    | Noticed an ancient lich
104730 | Zot:5    | Noticed an orb of fire
104751 | Zot:5    | Killed an ancient lich
104764 | Zot:5    | Noticed an ancient lich
104823 | Zot:5    | Noticed a dread lich
105081 | Zot:5    | Killed a dread lich
105152 | Zot:5    | Killed an ancient lich
105153 | Zot:5    | Reached skill level 15 in Spellcasting
105203 | Zot:5    | Gained mutation: Your spells are a little easier to cast,
                  | but a little less powerful. [an orb of fire]
105210 | Zot:5    | Gained mutation: You have very sharp teeth. [an orb of
                  | fire]
105212 | Zot:5    | Lost mutation: Your mind is acute. (Int +2) [potion of
                  | mutation]
105212 | Zot:5    | Lost mutation: Your spells are a little easier to cast, but
                  | a little less powerful. [potion of mutation]
105212 | Zot:5    | Gained mutation: Armour fits poorly on your strangely
                  | shaped body. [potion of mutation]
105212 | Zot:5    | Gained mutation: You sometimes lose the ability to read
                  | scrolls when taking damage. [potion of mutation]
105213 | Zot:5    | Lost mutation: You sometimes lose the ability to read
                  | scrolls when taking damage. [potion of mutation]
105213 | Zot:5    | Lost mutation: You occasionally shout uncontrollably at
                  | your foes. [potion of mutation]
105213 | Zot:5    | Lost mutation: Armour fits poorly on your strangely shaped
                  | body. [potion of mutation]
105213 | Zot:5    | Lost mutation: You have an increased reservoir of magic.
                  | (+10% MP) [potion of mutation]
105213 | Zot:5    | Gained mutation: You have large cloven feet. [potion of
                  | mutation]
105239 | Zot:5    | Killed a juggernaut
105245 | Zot:5    | Killed an orb of fire
105492 | Zot:5    | Got the Orb of Zot
105958 | D:5      | Noticed Kongiw the pandemonium lord
105978 | D:4      | Killed Kongiw the pandemonium lord
106093 | D:$      | Escaped with the Orb!

Illustrated notes

Levels and vault maps discovered:
D:1:      eino_arrival_cavern_e, layout_loops_ring, serial_shops,
          nicolae_shop_competitors_out_of_business
D:2:      layout_basic, shapermc_ecumenical_altar_notcrosses
D:3:      layout_rooms, serial_bayou_pond_d
D:4:      layout_cave_pools, okawaru_metal_pillars_3,
          mainiacjoe_overflow_tiny_flanked, minmay_temple_entry_overgrown,
          uniq_crazy_yiuf_cottage
D:5:      layout_basic, nicolae_dithmenos_the_darkroom,
          mainiacjoe_overflow_catch_the_wave, ebering_ghost_gozag,
          kennysheep_dice
D:6:      layout_basic, minmay_shop_damaged
D:7:      minmay_inner_zag, layout_basic, chequers_serial_rivers_room_b,
          kennysheep_path_1, kennysheep_flooded_box, minmay_door_square,
          serial_park_tiny_1, nicolae_shop_overcharged_wands
D:8:      layout_basic, lemuel_round_altar, hex_intersection,
          lemuel_flame_loot_1
D:9:      layout_loops_corners, dk_vineyard_2, grunt_decor_mini_mirrors,
          minmay_fractal_squares_5
D:10:     layout_basic, mainiacjoe_overflow_alcove_1,
          nicolae_overflow_crystal_walls, enter_trove_5
D:11:     layout_roguey, lair_entry_dummy, david_orc_1_choice, serial_shops,
          nicolae_stop_n_shop_2, grunt_qazlal_sundering, uniq_grum, uniq_snorg
D:12:     layout_basic
D:13:     layout_basic, uniq_rupert
D:14:     layout_roguey, david_vaults_5, grunt_decor_one_mirror,
          corexii_leaking_fountain, kennysheep_treasure_room
D:15:     grunt_enter_depths_giant_problem, layout_long_grid, serial_shops,
          shop, nicolae_sextant, nemelex_xobeh_ov_fountains_minmay, uniq_jorgrun
Temple:   eino_temple_water
Lair:1:   layout_regular_city, grunt_megastairs_5
Lair:2:   layout_roguey, elwin_shoals_entry_stream, minmay_lindwurm_lava,
          uniq_sonja
Lair:3:   layout_long_grid, st_stairs_6, wad_woods_02,
          infiniplex_staircase_pool_2, grunt_megastairs_2, uniq_gastronok
Lair:4:   layout_cave_pods, spider_nest_entry_webs, minmay_lair_oklob_chamber,
          lemuel_fruit_fields
Lair:5:   layout_cave_pods, minmay_slime_entry_eyes
Lair:6:   hangedman_lair_caniforms_friends, layout_gridlike, wormcave
Shoals:1: layout_shoals, st_sunken_temple
Shoals:2: nicolae_shoals_lighthouse, layout_shoals, ebering_ghost_disaster_area
Shoals:3: cheibrodos_shoals_gigantism, layout_shoals, serial_shops, shop, shop,
          nicolae_specific_store, nicolae_shoals_lost_giant_temple,
          nicolae_shoals_secluded_bog, uniq_bai_suzhen, uniq_polyphemus
Shoals:4: shoals_end_hellmonk_storm_palace [storm_palace_center_ruins,
          storm_palace_corner_pillars, storm_palace_corner_narrow,
          storm_palace_corner_grid, storm_palace_corner_grid]
Spider:1: layout_spider_delve, worms_lemuel, uniq_josephine
Spider:2: nicolae_spider_hilbert_zone_3 [nicolae_spider_hilbert_4_sides_2_open,
          nicolae_spider_hilbert_3_sides_1_open,
          nicolae_spider_hilbert_3_sides_1_open,
          nicolae_spider_hilbert_3_sides_1_open,
          nicolae_spider_hilbert_3_sides_1_open,
          nicolae_spider_hilbert_4_sides_1_open,
          nicolae_spider_hilbert_4_sides_1_open,
          nicolae_spider_hilbert_4_sides_1_open,
          nicolae_spider_hilbert_4_sides_1_open,
          nicolae_spider_hilbert_4_sides_1_open,
          nicolae_spider_hilbert_4_sides_1_open,
          nicolae_spider_hilbert_4_sides_1_open,
          nicolae_spider_hilbert_4_sides_1_open,
          nicolae_spider_hilbert_3_sides_1_open,
          nicolae_spider_hilbert_3_sides_1_open,
          nicolae_spider_hilbert_3_sides_1_open,
          nicolae_spider_hilbert_3_sides_1_open]
Spider:3: layout_spider_delve, guppyfry_hornet_nest, uniq_arachne, uniq_asterion
Spider:4: guppyfry_spider_rune
Orc:1:    layout_diamond_mine, serial_shops, shop_fountains
Orc:2:    st_orc_open, layout_caves, nooodl_orcs_dogs
Elf:1:    eino_elf_arrival_the_gate, layout_loops_corners,
          kennysheep_underground_church, uniq_kirke
Elf:2:    nicolae_elf_blades_crystal_corner, layout_rooms, serial_shops,
          nicolae_shop_waterfront, fake_guardian_serpent_vault
Elf:3:    grunt_elf_hall_asides, layout_loops_cross, evilmike_minifort,
          uniq_louise
Vaults:1: vaults_mumra_hex, v_misc_32, hangedman_vaults_cutoff,
          hangedman_vaults_stitches, v_misc_10, nicolae_vaults_fighting_squares,
          vaults_mumra_hexcomb, vaults_dpeg_diagonal, v_misc_23,
          layout_vaults_omnigrid, serial_shops, shop
Vaults:2: ontoclasm_vaults_eye, v_rooms_1, vaults_room_octagon,
          hangedman_vaults_stretched_pinwheel, nicolae_vaults_circle_grid_b,
          ontoclasm_vaults_decontamination, minmay_crypt_entry_simple_sparse,
          v_pattern_2, nicolae_vaults_network_quincunx
          [nicolae_vaults_network_quincunx_subvault,
          nicolae_vaults_network_quincunx_subvault,
          nicolae_vaults_network_quincunx_subvault,
          nicolae_vaults_network_quincunx_subvault,
          nicolae_vaults_network_quincunx_subvault], v_misc_11, v_alt_pattern_4,
          sword_in_stone, vaults_room_boxed, layout_vaults_maze
Vaults:3: st_greater_box_3, grunt_vaults_focal, ontoclasm_vaults_tryst,
          ontoclasm_vaults_ring_square, v_misc_19, v_misc_28,
          vaults_mumra_chevron, hangedman_vaults_restitches,
          nicolae_vaults_little_squares_4, vaults_room_corners, v_misc_29,
          v_misc_24, v_alt_pattern_4, grunt_vaults_diagonal,
          layout_vaults_omnibox, serial_shops, shop, uniq_donald
Vaults:4: nicolae_vaults_network_quinsquares
          [nicolae_vaults_network_quincunx_subvault,
          nicolae_vaults_network_quincunx_subvault,
          nicolae_vaults_network_quincunx_subvault,
          nicolae_vaults_network_quincunx_subvault], hangedman_vaults_snaps,
          nicolae_vaults_big_ls, grunt_vaults_hallway_short,
          nicolae_vaults_big_angled_halls, v_misc_30, hangedman_vaults_hat,
          nicolae_vaults_network_periphery, ontoclasm_vaults_ring_large,
          nicolae_vaults_rhombus_5, layout_vaults_chaotic_city, serial_shops,
          shop
Vaults:5
Crypt:1:  layout_chaotic_city, nzn_ghost_randoct, uniq_saint_roka
Depths:1: layout_cave_pools, pf_hell_entry_great_geh, mu_enter_wizlab_7,
          serial_shops, shop, chequers_serial_rivers_micro_e, minislime_mu,
          serial_bayou_shore_a, minmay_shop_grove
Depths:2: regret_index_dithmenos_brocken_genspenst, layout_basic,
          nicolae_ru_the_path_less_chosen, rand_demon_pan_entry_3, serial_shops,
          shop, kennysheep_mini, shop, shop, shop, hell_entry, st_stairs_13,
          kennysheep_nondescript, lemuel_flamethrower_3,
          infiniplex_staircase_pillars_3a, uniq_mara
Depths:3: vault_1, layout_cave_shapes, kennysheep_doodads,
          grunt_hell_entry_dis_mu, grunt_pan_entry_in_and_out, minivault_16
Depths:4: hangedman_box_tower, layout_gridlike, enter_ziggurat_a,
          abyss_entry_flame_altar, chequers_big_river, pf_hell_entry_tar_river,
          pan_entry, infiniplex_staircase_door_maze
Depths:5: evilmike_zot_entry_diamond, layout_cave_shapes, hell_entry,
          nicolae_twisting_strands
Hell
Zot:1:    grunt_zot_stairs_overgrown, layout_misc_corridors,
          st_large_dragon_hoard_1
Zot:2:    minmay_elemental_castle, layout_basic, amethyst_zot_foddershock
Zot:3:    layout_gridlike
Zot:4:    infiniplex_zot_generator, layout_gridlike, grunt_ministairs_15,
          st_stairs_10
Zot:5:    layout_gridlike, st_stairs_1

Skill      XL: |  1  2  3  4  5  6  7  8  9 10 11 12 13 14 15 16 17 18 19 20 21 22 23 24 25 26 27 |
---------------+----------------------------------------------------------------------------------+-----
Transmutations | 1 2 3 4 5 6 7 8 9 10 11 12 13 | 13.3
Stealth        | 2 3 4 5 6 7 8 10 11 12 13 14 15 16 17 18 19 20 21 22 | 22.4
Short Blades   | 1 2 3 4 5 6 7 8 9 10 11 12 13 14 15 16 | 16.8
Earth Magic    | 3 4 5 6 7 8 9 10 11 12 13 | 13.3
Throwing       | 2 3 5 6 |  6.0
Spellcasting   | 4 5 6 7 8 9 10 11 12 13 15 | 15.1
Dodging        | 2 3 5 6 7 8 9 10 | 10.1
Evocations     | 3 5 6 7 8 10 11 12 13 14 16 | 16.4
Hexes          | 2 4 5 6 8 9 10 11 12 13 14 15 16 | 16.1
Translocations | 3 4 5 |  5.0
Summonings     | 4 5 6 8 |  8.0
Fighting       | 2 4 6 7 8 9 10 11 12 13 14 15 17 | 17.1
Shields        | 1 4 |  4.0
Necromancy     | 3 5 6 7 8 |  8.0
Crossbows      | 2 3 |  3.6
Conjurations   | 3 5 6 8 10 | 10.8
Fire Magic     | 2 4 5 |  5.0

Action                   |  1- 3 |  4- 6 |  7- 9 | 10-12 | 13-15 | 16-18 | 19-21 | 22-24 | 25-27 || total
-------------------------+-------+-------+-------+-------+-------+-------+-------+-------+-------++-------
Melee: Club              |    16 |       |       |       |       |       |       |       |       ||    16
       Dagger            |    46 |    91 |   201 |   661 |  1616 |   500 |   513 |   108 |   542 ||  4278
       Kick              |       |     3 |    52 |    18 |       |       |       |       |       ||    73
       Headbutt          |       |       |       |   176 |   477 |   536 |   329 |   384 |   478 ||  2380
       Short sword       |       |       |       |       |       |  1207 |   571 |  1316 |  1072 ||  4166
       Staff             |       |       |       |       |       |       |       |    14 |    33 ||    47
       Bite              |       |       |       |       |       |       |       |       |     9 ||     9
 Fire: Hunting sling     |       |    17 |    28 |       |       |       |       |       |       ||    45
       Hand crossbow     |       |       |       |       |       |    13 |       |       |       ||    13
Throw: Dart              |       |    27 |    50 |    44 |    90 |    67 |    10 |    30 |    20 ||   338
       Throwing net      |       |       |       |     2 |     1 |     5 |     4 |     2 |    14 ||    28
       Stone             |       |       |       |     1 |     2 |       |       |       |       ||     3
       Boomerang         |       |       |       |       |       |       |       |     1 |       ||     1
 Cast: Sandblast         |    37 |    68 |    10 |       |       |       |       |       |       ||   115
       Passwall          |       |     1 |     9 |    24 |    52 |    30 |     8 |    20 |    30 ||   174
       Stone Arrow       |       |       |    26 |     6 |     6 |       |       |     9 |    13 ||    60
       Petrify           |       |       |    16 |    82 |   243 |   135 |    53 |   108 |    50 ||   687
       Apportation       |       |       |       |     3 |    39 |    27 |     3 |    21 |    21 ||   114
       Summon Guardian G |       |       |       |       |    55 |    29 |    13 |    27 |    15 ||   139
       Invisibility      |       |       |       |       |       |    42 |    42 |    47 |    61 ||   192
       Dispel Undead     |       |       |       |       |       |    12 |     6 |    43 |    15 ||    76
       Bolt of Magma     |       |       |       |       |       |       |     2 |     1 |       ||     3
       Lee's Rapid Decon |       |       |       |       |       |       |     2 |    15 |    16 ||    33
       Summon Mana Viper |       |       |       |       |       |       |       |    48 |    66 ||   114
       Borgnjor's Vile C |       |       |       |       |       |       |       |    62 |    88 ||   150
       Alistair's Intoxi |       |       |       |       |       |       |       |     2 |     6 ||     8
       Fulminant Prism   |       |       |       |       |       |       |       |       |     9 ||     9
       Portal Projectile |       |       |       |       |       |       |       |       |     2 ||     2
       Blink             |       |       |       |       |       |       |       |       |     1 ||     1
       Lightning Bolt    |       |       |       |       |       |       |       |       |     1 ||     1
Invok: Lunge             |       |     2 |    25 |    50 |   111 |   126 |   125 |   152 |   163 ||   754
       Whirlwind         |       |       |     1 |    43 |   113 |   131 |   100 |   185 |   260 ||   833
       Serpent's Lash    |       |       |       |     6 |    27 |    27 |     7 |    18 |    31 ||   116
 Abil: Wall Jump         |       |       |       |     5 |     1 |     6 |     1 |     3 |       ||    16
       Word of Chaos     |       |       |       |       |       |       |       |       |     1 ||     1
Evoke: Wand              |       |       |       |    12 |     6 |    88 |     1 |    18 |    16 ||   141
       Box of beasts     |       |       |       |       |     3 |     7 |     3 |     7 |     6 ||    26
       Phial of floods   |       |       |       |       |     2 |     2 |     1 |     1 |     2 ||     8
       Phantom mirror    |       |       |       |       |       |     6 |     5 |     8 |    13 ||    32
       Horn of Geryon    |       |       |       |       |       |       |       |     2 |     7 ||     9
       Condenser vane    |       |       |       |       |       |       |       |       |     3 ||     3
  Use: Scroll            |       |     9 |     7 |    11 |    13 |    14 |     5 |    12 |    20 ||    91
       Potion            |       |     2 |     5 |     4 |     3 |     8 |     2 |     3 |    16 ||    43
 Stab: Sleeping          |     5 |     5 |    17 |    34 |    90 |    86 |    97 |   129 |    87 ||   550
       Petrified         |       |       |     8 |    25 |    44 |    36 |    11 |    21 |     9 ||   154
       Petrifying        |       |       |     3 |    32 |    93 |    50 |    30 |    49 |    29 ||   286
       Distracted        |       |       |     1 |     1 |     6 |    17 |     9 |    15 |    24 ||    73
       Held in net/web   |       |       |       |     3 |     3 |     3 |     5 |     2 |    17 ||    33
       Paralysed         |       |       |       |     3 |     1 |     6 |     1 |       |       ||    11
       Invisible         |       |       |       |       |     1 |   104 |   114 |   121 |   199 ||   539
       Confused          |       |       |       |       |       |       |       |     2 |     5 ||     7
Armor: Robe              |    16 |    27 |    32 |    43 |       |       |       |       |       ||   118
       Skin              |       |       |     3 |       |       |       |       |       |       ||     3
       Troll leather arm |       |       |       |    77 |   275 |   511 |    80 |   186 |   200 ||  1329
Dodge: Dodged            |    55 |    83 |   106 |   276 |   623 |   870 |   301 |   574 |   497 ||  3385
Block: Other             |       |       |       |    72 |   111 |       |       |       |       ||   183
       Reflection        |       |       |       |     3 |     4 |    32 |    22 |    21 |    14 ||    96
       Buckler           |       |       |       |       |   224 |   843 |   316 |   546 |   507 ||  2436
